 Dungeon Crawl Stone Soup version 0.26-a0-771-g060e6a62af (webtiles) character file.

Game seed: 15114545492451856700

382025 ringo67 the Warrior (level 22, -1/211 HPs)
             Began as a Ghoul Abyssal Knight on Nov 8, 2020.
             Was the Champion of Lugonu.
             Hit by a large rock thrown by a stone giant (38 damage)
             ... on level 4 of the Depths.
             The game lasted 02:29:33 (82219 turns).

ringo67 the Warrior (Ghoul Abyssal Knight)         Turns: 82219, Time: 02:29:34

Health: -1/211     AC: 39    Str: 24    XL:     22   Next: 91%
Magic:  30/30      EV: 12    Int: 14    God:    Lugonu [******]
Gold:   3160       SH: 19    Dex:  8    Spells: 21/21 levels left

rFire    + . .     SeeInvis +   a - +9 demon whip (distort)
rCold    + + .     Faith    .   X - +0 kite shield
rNeg     + + +     Spirit   .   R - +6 plate armour of Beyond {rC+ Int+3 Dex-3}
rPois    ∞         Reflect  +   f - +2 helmet "Adisosa" {SInv}
rElec    .         Harm     .   O - +0 cloak
rCorr    .         Rampage  .   F - +2 pair of gloves
MR       +....                  q - +1 pair of boots
Stlth    ..........             W - amulet of Berr {Reflect rPois Int+2 Dex+3 SH+5}
HPRegen  0.00/turn              n - ring of protection from fire
MPRegen  0.22/turn              Z - +4 ring of protection

@: no status effects
A: rotting body, claws 1, cold resistance 1, negative energy resistance 3,
inhibited regeneration, torment resistance, unbreathing
}: 2/15 runes: decaying, gossamer
a: Depart the Abyss, Bend Space, Banish, Corrupt, Enter the Abyss, Renounce
Religion


You were on level 4 of the Depths.
You worshipped Lugonu.
Lugonu was exalted by your worship.
You visited 7 branches of the dungeon, and saw 40 of its levels.
You visited the Abyss 1 time.
You also visited: Gauntlet.

You collected 4722 gold pieces.
You spent 1562 gold pieces at shops.

Inventory:

Hand Weapons
 a - a +9 demon whip of distortion (weapon)
 b - the +3 sling "Punk" {acid, rCorr}
   (You bought it in a shop on level 7 of the Dungeon)

   It provides partial protection from all sources of acid and corrosion.
Missiles
 p - 133 poisoned darts
 s - 2 throwing nets
 B - 24 curare-tipped darts (quivered)
 M - 237 sling bullets
Armour
 f - the +2 helmet "Adisosa" (worn) {SInv}
   (You found it in a Gauntlet)

   It lets you see invisible.
 q - a +1 pair of boots (worn)
 F - a +2 pair of gloves (worn)
 O - a +0 cloak (worn)
 R - the +6 plate armour of Beyond (worn) {rC+ Int+3 Dex-3}
   (You found it in a Gauntlet)

   It affects your intelligence (+3).
   It affects your dexterity (-3).
   It protects you from cold.
 X - a +0 kite shield (worn)
Jewellery
 n - a ring of protection from fire (left hand)
 A - an uncursed ring of protection from fire
 V - an uncursed ring of protection from magic
 W - the amulet of Berr (around neck) {Reflect rPois Int+2 Dex+3 SH+5}
   (You found it on level 6 of the Lair of Beasts)

   [amulet of reflection]

   It shields you and reflects attacks.
   It affects your intelligence (+2).
   It affects your dexterity (+3).
   It protects you from poison.
   It affects your SH (+5).
 Z - a +4 ring of protection (right hand)
Wands
 u - a wand of disintegration (50)
 E - a wand of polymorph (19)
 I - a wand of enslavement (32)
 L - a wand of acid (14)
 P - a wand of digging (8)
 Y - a wand of paralysis (34)
Scrolls
 d - 17 scrolls of identify
 e - 5 scrolls of remove curse
 h - 4 scrolls of silence
 j - 10 scrolls of enchant armour
 l - 2 scrolls of amnesia
 m - 2 scrolls of magic mapping
 w - 6 scrolls of immolation
 x - 2 scrolls of fear
 D - 10 scrolls of teleportation
 N - 2 scrolls of vulnerability
 Q - 2 scrolls of torment
 U - 2 scrolls of fog
Potions
 c - 6 potions of might
 g - 5 potions of attraction
 i - 6 potions of flight
 k - a potion of invisibility
 o - 13 potions of curing
 r - 7 potions of ambrosia
 t - 2 potions of heal wounds
 v - 3 potions of magic
 C - a potion of cancellation
 H - 2 potions of brilliance
 J - 3 potions of haste
Miscellaneous
 z - a box of beasts
 S - a tin of tremorstones (2/2)
 T - a condenser vane (inert)


   Skills:
 + Level 20.8 Fighting
 - Level 12.0 Maces & Flails
 - Level 5.0 Slings
 + Level 17.2 Armour
 + Level 12.3 Dodging
 - Level 15.0 Shields
 - Level 12.0 Invocations
 - Level 11.8 Evocations


You had 21 spell levels left.
You didn't know any spells.
Your spell library contained the following spells:

 Spells                   Type           Power        Failure   Level
 Animate Skeleton         Necr           #.....       89%         1
 Apportation              Tloc           #.....       89%         1
 Corona                   Hex            #......      89%         1
 Foxfire                  Conj/Fire      #...         89%         1
 Magic Dart               Conj           #...         89%         1
 Pain                     Necr           #...         89%         1
 Shock                    Conj/Air       #...         89%         1
 Sting                    Tmut/Pois      #...         89%         1
 Summon Small Mammal      Summ           #...         89%         1
 Call Imp                 Summ           #.......     96%         2
 Corpse Rot               Necr/Air       N/A          96%         2
 Ensorcelled Hibernation  Hex/Ice        #.....       96%         2
 Passwall                 Tmut/Erth      #.......     96%         2
 Poisonous Vapours        Pois/Air       #.....       96%         2
 Searing Ray              Conj           #.....       96%         2
 Slow                     Hex            #.......     96%         2
 Swiftness                Air            #.......     96%         2
 Call Canine Familiar     Summ           #.......     99%         3
 Confusing Touch          Hex            #.......     99%         3
 Conjure Flame            Conj/Fire      #.......     99%         3
 Dazzling Flash           Conj/Hex       #.....       99%         3
 Ignite Poison            Fire/Tmut/Pois #.......     99%         3
 Inner Flame              Hex/Fire       #.......     99%         3
 Lesser Beckoning         Tloc           #.........   99%         3
 Mephitic Cloud           Conj/Pois/Air  #.......     99%         3
 Portal Projectile        Hex/Tloc       #.....       99%         3
 Static Discharge         Conj/Air       #.......     99%         3
 Summon Guardian Golem    Hex/Summ       #.......     99%         3
 Tukima's Dance           Hex            #.......     99%         3
 Vampiric Draining        Necr           #.........   99%         3
 Airstrike                Air            #.........   100%        4
 Animate Dead             Necr           #.........   100%        4
 Cause Fear               Hex            #.........   100%        4
 Dispel Undead            Necr           #.......     100%        4
 Fulminant Prism          Conj/Hex       #.........   100%        4
 Iskenderun's Mystic Bla  Conj/Tloc      #.......     100%        4
 Leda's Liquefaction      Hex/Erth       #.........   100%        4
 Olgreb's Toxic Radiance  Pois           #.......     100%        4
 Passage of Golubria      Tloc           N/A          100%        4
 Sticky Flame             Conj/Fire      #.......     100%        4
 Summon Ice Beast         Ice/Summ       #.......     100%        4
 Summon Lightning Spire   Summ/Air       #.......     100%        4
 Agony                    Necr           #.......     100%        5
 Alistair's Intoxication  Tmut/Pois      #........    100%        5
 Bolt of Magma            Conj/Fire/Erth #.........   100%        5
 Borgnjor's Vile Clutch   Necr/Erth      #.........   100%        5
 Excruciating Wounds      Necr           #.........   100%        5
 Fireball                 Conj/Fire      #.........   100%        5
 Irradiate                Conj/Tmut      #.........   100%        5
 Iskenderun's Battlesphe  Conj           #.......     100%        5
 Lee's Rapid Deconstruct  Erth           #.........   100%        5
 Lightning Bolt           Conj/Air       #.........   100%        5
 Silence                  Hex/Air        #.........   100%        5
 Summon Forest            Summ/Tloc      #.........   100%        5
 Yara's Violent Unravell  Hex/Tmut       #.........   100%        5
 Conjure Ball Lightning   Conj/Air       #.........   100%        6
 Invisibility             Hex            #.......     100%        6
 Iron Shot                Conj/Erth      #.........   100%        6
 Shadow Creatures         Summ           N/A          100%        6
 Orb of Destruction       Conj           #.........   100%        7
 Spellforged Servitor     Conj/Summ      #.........   100%        7
 Discord                  Hex            #.........   100%        8
 Tornado                  Air            #.........   100%        9
 Sublimation of Blood     Necr           Unusable     N/A         2
 Ice Form                 Ice/Tmut       Unusable     N/A         4
 Hydra Form               Tmut           Unusable     N/A         6
 Statue Form              Tmut/Erth      Unusable     N/A         6
 Dragon Form              Tmut           Unusable     N/A         7

Dungeon Overview and Level Annotations

Branches:
Dungeon (15/15)            Temple (0/1) D:6            Lair (6/6) D:8
  Swamp (4/4) Lair:4       Spider (4/4) Lair:2        Slime (0/5) Lair:5
    Orc (2/2) D:12            Elf (0/3) Orc:2        Vaults (4/5) D:13
  Crypt (0/3) Vaults:3     Depths (5/5) D:15        Gauntlet (visited)
    Zot: Depths:5

Altars:
Hepliaklqana
Makhleb
Okawaru
Ru
Sif Muna
Trog
Uskayaw
Vehumet
Wu Jian
Xom
Yredelemnul
Beogh
Jiyva

Shops:
D:7 (   D:14 :   Orc:2 (*!}   Vaults:1 (   Vaults:3 =   Vaults:4 [

Portals:
Hell: Depths:1 Depths:2 Depths:3
Pandemonium: Depths:2 Depths:3
Trove: D:15 (show abyssal rune of Zot)

Annotations:
Lair:1 3 runed translucent doors, mhtbhm's ghost, novice GrBe
Lair:4 2 transporters, Ykaj's ghost, journeyman MiFi
Lair:6 corrupted, 3 runed translucent doors, 2FriedEggs's ghost, journeyman BaSu
Swamp:4 corrupted
Vaults:2 2 runed translucent doors, Synox's ghost, legendary FoFi; Tewud's ghost, journeyman FeIE
Vaults:4 corrupted
Depths:1 1 runed translucent door, Zemu's ghost, adept DgCj
Abyss:1 Donald; Jory; Rupert


Innate Abilities, Weirdness & Mutations

Your body is rotting away.
You thrive by killing the living.
You are immune to poison.
You have sharp fingernails.
Your flesh is cold resistant. (rC+)
You are immune to negative energy. (rN+++)
You do not regenerate when monsters are visible.
You are immune to unholy pain and torment.
You can survive without breathing.


Message History

* * * LOW HITPOINT WARNING * * *
The stone giant is engulfed in poison gas.
The stone giant is poisoned.
The stone giant throws a large rock.
The large rock hits you!
* * * LOW HITPOINT WARNING * * *
As you read the scroll of fog, it crumbles to dust.
The scroll dissolves into smoke.
The deep elf sorcerer is engulfed in poison gas.
The deep elf sorcerer looks even sicker.
The yaktaur is engulfed in poison gas.
The yaktaur looks even sicker.
The deep elf death mage is engulfed in poison gas.
The deep elf death mage looks even sicker.
The frost giant looks even sicker.
The stone giant looks even sicker.
The yaktaur captain is poisoned.
The fire giant is engulfed in poison gas.
The fire giant looks even sicker.
The stone giant is engulfed in poison gas.
The stone giant looks even sicker.
The stone giant throws a large rock.
The large rock hits you!!!
You die...

# #. ....# #. ....# #.
....# #.#.# ###
#.####....#########
#.#.##...
#..§§§§.......§D...
#.#...... #§§§C§e§§§..
#(..
####.#........#§§§DCC§D§..
#Qi.
#.............§§@§CSD§e§..
#i..
........###########c*§§##
#D## #......# ..§# #.([
##.....# ..# #§(.
###......# .# #..$
.#.##.###.# # #.$# ...# .#
## #### ...#### ..
.##.####.#


You could see a golden dragon (catching breath), a frost giant (very poisoned),
a fire giant (very poisoned), a fire dragon, an ice dragon, 2 stone giants, a
deep elf death mage (very poisoned), a deep elf sorcerer (fast, very poisoned),
a guardian serpent shaped shifter, a yaktaur (very poisoned) and a lost soul
(summoned).

Vanquished Creatures
  Frederick (Vaults:3)
  Bai Suzhen (D:15)
  Nikola (D:15)
  Jorgrun (D:13)
  A tentacled monstrosity (Vaults:1)
  2 sphinxes
  A thorn hunter (Depths:3)
  A shadow dragon (Depths:1)
  A tengu reaver (Depths:4)
  A fenstrider witch (Swamp:3)
  A deep elf sorcerer (Vaults:1)
  4 fire giants
  10 vault wardens
  5 frost giants
  5 ghost moths
  9 ironheart preservers
  A spriggan defender (Depths:4)
  A juggernaut zombie (Depths:1)
  An emperor scorpion (Lair:2)
  10 very ugly things
  12 stone giants
  3 entropy weavers
  7 vampire knights
  A deep elf demonologist (Vaults:2)
  A minotaur (Gauntlet)
  4 bunyips
  9 spark wasps
  6 ettins
  A merfolk javelineer (Depths:3)
  An eleionoma (Swamp:3)
  2 fire dragons
  2 shambling mangroves
  A deep elf high priest (Depths:1)
  4 yaktaur captains
  8 vault guards
  3 great orbs of eyes
  13 hydras
  5 ice dragons
  The ghost of Demosthentine the Spear-Bearer, a journeyman MfGl of the Shining One (D:10)
  5 boulder beetles
  6 rakshasas
  2 spriggan air magi
  2 ghost crabs (Swamp:4)
  4 catoblepae
  16 centaur warriors
  32 two-headed ogres
  4 alligators
  6 tengu warriors
  10 deep troll shamans
  6 orc high priests
  4 deep troll earth magi
  A queen ant (Spider:2)
  9 ogre magi
  3 spriggan berserkers
  11 death yaks
  12 hell knights
  8 spriggans
  Nergalle (Lair:2)
  An iron troll (Depths:3)
  4 goliath frogs
  4 deep elf knights (Vaults:1)
  A fire crab (shapeshifter) (Vaults:4)
  2 salamander mystics (Depths:3)
  2 skeletal warriors
  2 unseen horrors
  A torturous demonspawn (Depths:3)
  A spriggan druid (Swamp:3)
  27 deep trolls
  5 bog bodies
  3 deep elf archers
  6 glowing orange brains
  An unseen horror (shapeshifter) (D:12)
  8 ironbrand convokers
  The ghost of Grant146 the Cleaver, a novice MiBe of Trog (D:6)
  6 wizards
  5 swamp dragons (Swamp:4)
  4 necromancers
  Pikel (D:6)
  A harpy (Vaults:2)
  20 orb spiders
  10 orc knights
  3 oklob plants (Depths:3)
  2 orb spiders (shapeshifter)
  42 wolf spiders
  13 deep elf magi
  5 cyclopes
  4 manticores
  A frost giant zombie (Depths:1)
  A will-o-the-wisp (Swamp:4)
  A moth of wrath (Spider:3)
  27 ugly things
  9 elephants
  A spectral centaur (D:10)
  7 salamanders (Depths:3)
  A rust devil (Depths:3)
  Joseph (Lair:1)
  4 black mambas
  A torpor snail (Spider:2)
  A black mamba (shapeshifter) (Depths:1)
  6 vault sentinels
  An ice statue (Gauntlet)
  A smoke demon (Depths:3)
  A guardian serpent (shapeshifter) (Depths:1)
  An eye of devastation (shapeshifter) (Depths:3)
  4 gargoyles
  9 cane toads
  2 rime drakes
  Maggie (D:7)
  10 demonic crawlers
  A hellion (Depths:2)
  15 komodo dragons
  6 freezing wraiths
  53 yaktaurs
  5 trolls
  A hellwing (Depths:2)
  2 tengu conjurers
  34 jumping spiders
  An ice devil (Gauntlet)
  A red devil (Depths:2)
  6 polar bears
  3 meliai
  A queen bee (shapeshifter) (Vaults:4)
  13 hornets
  19 slime creatures
  Grinder (D:6)
  6 tyrant leeches
  14 blink frogs
  A shadow (D:13)
  76 redbacks
  A wyvern (shapeshifter) (Vaults:1)
  31 tarantellas
  2 water elementals
  3 wraiths
  5 wyverns
  69 yaks
  A basilisk (shapeshifter) (Depths:1)
  A chaos spawn (Depths:3)
  4 basilisks
  A human simulacrum (Vaults:3)
  A neqoxec (Depths:3)
  8 vampire mosquitoes (D:14)
  14 wargs
  11 swamp worms
  16 water moccasins
  3 acid dragons
  Duvessa (D:6)
  15 soldier ants (Spider:2)
  6 swamp drakes
  A floating eye (Depths:2)
  28 orc warriors
  A black bear (shapeshifter) (Depths:2)
  An ettin simulacrum (Vaults:1)
  6 sky beasts
  10 ice beasts
  A necrophage (D:9)
  10 black bears
  26 ogres
  9 wolves
  6 phantoms
  23 centaurs
  4 big kobolds
  A big kobold (shapeshifter) (Depths:2)
  A gnoll sergeant (D:6)
  A wyvern zombie (D:7)
  28 bullfrogs
  Dowan (D:6)
  6 scorpions
  9 wights
  3 howler monkeys
  3 electric eels (Spider:1)
  A spectral bullfrog (D:10)
  3 crimson imps
  A centaur zombie (D:10)
  A quasit (D:9)
  3 bullfrog zombies
  5 centaur skeletons
  3 gnoll shamans (D:6)
  39 orc priests
  8 hounds
  2 iron imps (Depths:3)
  2 jellies
  24 orc wizards
  Natasha (twice) (D:3)
  4 iguanas
  31 worker ants
  A bullfrog simulacrum (D:10)
  A hound zombie (D:5)
  2 hound skeletons
  2 worker ant zombies
  8 gnolls (D:6)
  14 adders
  6 shadow imps
  5 white imps
  4 ufetubi
  2 worms
  A worm (shapeshifter) (Vaults:2)
  2 dart slugs
  10 leopard geckos
  128 orcs
  4 bats
  9 giant cockroaches
  9 goblins
  17 hobgoblins
  6 jackals
  26 kobolds
  3 quokkas
  5 frilled lizards
  8 rats
  A briar patch (Depths:3)
  A fire vortex (Depths:3)
1595 creatures vanquished.

Vanquished Creatures (collateral kills)
  A vault warden (Vaults:4)
  An ironheart preserver (Vaults:4)
  A juggernaut skeleton (Depths:1)
  A vault guard (Vaults:4)
  A two-headed ogre (Vaults:4)
  A necromancer (Depths:1)
  An ironbrand convoker (Vaults:4)
7 creatures vanquished.

Vanquished Creatures (others)
  A lich (Vaults:4)
  A vault warden (Vaults:4)
  A stone giant (Vaults:4)
  A very ugly thing (D:15)
  An ettin (Vaults:4)
  8 hydras
  A vault guard (Vaults:4)
  A ghost crab (Swamp:4)
  3 two-headed ogres (Vaults:4)
  A goliath frog (Swamp:4)
  A shadow wraith (Vaults:3)
  3 bog bodies (Swamp:4)
  9 swamp dragons (Swamp:4)
  2 ironbrand convokers (Vaults:4)
  A wizard (D:14)
  An orc knight (Vaults:4)
  2 elephants (Lair:6)
  A vault sentinel (Vaults:4)
  3 cane toads (Lair:6)
  2 yaktaurs (Vaults:4)
  A komodo dragon (Lair:6)
  A jumping spider (Spider:1)
  3 bloated husks
  A queen bee (shapeshifter) (D:15)
  A tyrant leech (Swamp:4)
  An ice dragon skeleton (Depths:1)
  A redback (Spider:2)
  A water elemental (Depths:1)
  A swamp worm (Swamp:1)
  2 water moccasins (Lair:6)
  2 swamp drakes (Swamp:4)
  A crimson imp (Depths:2)
  An orc priest (Vaults:2)
  An orc (Vaults:4)
  2 briar patches (Depths:3)
  4 foxfires (Swamp:4)
  24 fungi
  69 plants
  2 starspawn tentacles (Lair:6)
  2 withered plants (Depths:1)
165 creatures vanquished.

Grand Total: 1767 creatures vanquished

Notes
Turn   | Place    | Note
-------+----------+-------------------------------------------
     0 | Abyss:1  | ringo67 the Ghoul Abyssal Knight began the quest for the
                  | Orb.
     0 | Abyss:1  | Reached XP level 1. HP: 19/19 MP: 1/1
     8 | D:1      | Escaped the Abyss
    53 | D:1      | Reached skill level 1 in Dodging
   287 | D:1      | Reached XP level 2. HP: 26/26 MP: 2/2
   982 | D:1      | Reached XP level 3. HP: 27/31 MP: 3/3
  1123 | D:2      | Reached ** piety under Lugonu
  1514 | D:2      | Reached XP level 4. HP: 39/40 MP: 4/4
  1904 | D:3      | Noticed Natasha
  1918 | D:3      | Killed Natasha
  2230 | D:3      | Found a hazy altar of Hepliaklqana.
  2232 | D:3      | Found a hide-covered altar of Uskayaw.
  2232 | D:3      | Found a shimmering blue altar of Sif Muna.
  2232 | D:3      | Found an iron altar of Okawaru.
  2233 | D:3      | Found an ornate altar of the Wu Jian Council.
  2233 | D:3      | Found a radiant altar of Vehumet.
  2233 | D:3      | Found a basalt altar of Yredelemnul.
  2233 | D:3      | Found a sacrificial altar of Ru.
  2441 | D:3      | Reached skill level 4 in Fighting
  2654 | D:3      | Reached XP level 5. HP: 46/46 MP: 5/5
  2921 | D:3      | Noticed Natasha
  2933 | D:3      | Killed Natasha
  3245 | D:3      | Found a burning altar of Makhleb.
  3248 | D:3      | Found a shimmering altar of Xom.
  3735 | D:4      | Reached XP level 6. HP: 44/52 MP: 6/6
  3913 | D:4      | Got a glimmering whip
  3916 | D:4      | Identified the +8 whip of Perfectionism {freeze, rN+} (You
                  | found it on level 4 of the Dungeon)
  3946 | D:4      | Reached *** piety under Lugonu
  4060 | D:4      | Got a shadowed robe
  4398 | D:5      | Entered Level 5 of the Dungeon
  4398 | D:5      | Noticed a phantom
  4746 | D:5      | Killed a phantom
  4746 | D:5      | Reached XP level 7. HP: 43/60 MP: 7/7
  4960 | D:5      | Reached skill level 5 in Fighting
  5004 | D:5      | Reached skill level 5 in Maces & Flails
  5004 | D:5      | Reached skill level 1 in Shields
  5437 | D:5      | Reached XP level 8. HP: 68/68 MP: 8/8
  5621 | D:5      | You fall into a shaft and drop 2 floors!
  5866 | D:6      | Found a runed translucent door.
  5867 | D:6      | Noticed Grant146's ghost (novice MiBe)
  5987 | D:6      | Found a runed translucent door.
  6019 | D:6      | Reached skill level 6 in Fighting
  6029 | D:6      | You fall into a shaft and drop 3 floors!
  6179 | D:9      | Reached XP level 9. HP: 62/75 MP: 9/9
  6608 | D:6      | Reached **** piety under Lugonu
  6631 | D:6      | Killed Grant146's ghost
  6827 | D:6      | Reached skill level 5 in Dodging
  6835 | D:6      | Found a staircase to the Ecumenical Temple.
  6857 | D:6      | Noticed Duvessa
  6857 | D:6      | Noticed Dowan
  6879 | D:6      | Killed Duvessa
  6879 | D:6      | Reached skill level 7 in Fighting
  6896 | D:6      | Killed Dowan
  7526 | D:6      | Reached XP level 10. HP: 43/86 MP: 12/12
  7764 | D:6      | Got a slimy ring mail
  7765 | D:6      | Identified the cursed +1 ring mail "Qimets" {Harm rElec
                  | Dex-3 Stlth+} (You found it on level 6 of the Dungeon)
  7800 | D:6      | Noticed Grinder
  7819 | D:6      | Killed Grinder
  8023 | D:6      | Noticed Pikel
  8042 | D:6      | Killed Pikel
  8042 | D:6      | Reached skill level 8 in Fighting
  8042 | D:6      | Reached skill level 5 in Invocations
  8405 | D:7      | Noticed Maggie
  8421 | D:7      | Killed Maggie
  8475 | D:7      | Found Bimax's Antique Weapon Shop.
  8849 | D:7      | You fall into a shaft and drop 1 floor!
  8857 | D:8      | Got a clouded copper ring
  8871 | D:8      | Reached ***** piety under Lugonu
  9129 | D:7      | Identified the ring "Heyneev" {*Slow rC+ EV+4 Dex+7} (You
                  | found it on level 8 of the Dungeon)
  9777 | D:8      | Found a staircase to the Lair.
  9806 | Lair:1   | Entered Level 1 of the Lair of Beasts
  9809 | Lair:1   | Noticed Joseph
  9837 | Lair:1   | Killed Joseph
  9837 | Lair:1   | Reached skill level 9 in Fighting
  9837 | Lair:1   | Reached XP level 11. HP: 62/97 MP: 10/14
 10518 | Lair:1   | Found a runed translucent gate.
 10746 | Lair:1   | Got a clouded bronze ring
 10911 | Lair:1   | Noticed a seven-headed hydra
 10923 | Lair:1   | Killed a seven-headed hydra
 11020 | Lair:1   | Found a runed translucent gate.
 11020 | Lair:1   | Found a runed translucent gate.
 11021 | Lair:1   | Noticed mhtbhm's ghost (novice GrBe)
 11022 | Lair:1   | Noticed a spectral death yak
 11899 | Lair:2   | Reached skill level 5 in Armour
 11919 | Lair:2   | Got a faintly glowing jade ring
 11920 | Lair:2   | Identified the ring "Seolyc" {Dex+4 SInv} (You found it on
                  | level 1 of the Lair of Beasts)
 11921 | Lair:2   | Identified the ring of Wonder {rN++ Stlth-} (You found it
                  | on level 2 of the Lair of Beasts)
 11945 | Lair:2   | Got a crude chain mail
 11946 | Lair:2   | Identified the +4 chain mail "Ryanwac" {rPois rCorr} (You
                  | found it on level 2 of the Lair of Beasts)
 12105 | Lair:2   | Reached skill level 10 in Fighting
 12318 | Lair:2   | Reached XP level 12. HP: 106/106 MP: 17/17
 12419 | Lair:2   | Noticed Nergalle
 12439 | Lair:2   | Killed Nergalle
 12956 | Lair:2   | Found a hole to the Spider Nest.
 13057 | Lair:2   | Found a runed translucent door.
 13545 | Lair:2   | Noticed a boulder beetle
 13574 | Lair:2   | Got an encrusted whip
 13575 | Lair:2   | Identified the +2 whip of Zuthratiwn {vorpal, rF- rN+
                  | Str+3} (You found it on level 2 of the Lair of Beasts)
 13589 | Lair:2   | Banished a boulder beetle
 13828 | Lair:3   | Found a gate leading to a gauntlet.
 13837 | Gauntlet | Entered a Gauntlet
 13837 | Gauntlet | Found a transporter.
 13847 | Gauntlet | Found a transporter.
 13849 | Gauntlet | Found a transporter.
 13851 | Gauntlet | Found a transporter.
 13868 | Gauntlet | Found a transporter.
 13883 | Gauntlet | Found a transporter.
 13885 | Gauntlet | Noticed a death ooze
 13888 | Gauntlet | Noticed a death ooze
 13891 | Gauntlet | Found a transporter.
 13909 | Gauntlet | Found a transporter.
 13927 | Gauntlet | Found a transporter.
 13939 | Gauntlet | Found a transporter.
 13940 | Gauntlet | Noticed a green death
 13947 | Gauntlet | Noticed a blizzard demon
 13951 | Gauntlet | Found a transporter.
 13963 | Gauntlet | Found a transporter.
 13975 | Gauntlet | Found a transporter.
 13978 | Gauntlet | Noticed a wretched star
 13992 | Gauntlet | Found a transporter.
 14010 | Gauntlet | Found a transporter.
 14012 | Gauntlet | Found a transporter.
 14066 | Gauntlet | Found a transporter.
 14472 | Gauntlet | Got a bloodstained helmet
 14507 | Gauntlet | Identified the +2 helmet "Adisosa" {SInv} (You found it in
                  | a Gauntlet)
 14557 | Gauntlet | Noticed a minotaur
 14590 | Gauntlet | Killed a minotaur
 14811 | Gauntlet | Got a slimy plate armour
 14812 | Gauntlet | Identified the +6 plate armour of Beyond {rC+ Int+3 Dex-3}
                  | (You found it in a Gauntlet)
 14867 | Lair:3   | Reached skill level 10 in Maces & Flails
 15062 | Lair:3   | Got a shimmering platinum amulet
 15141 | Lair:3   | Identified the amulet of Yxuiz {Spirit Int+2} (You found it
                  | on level 3 of the Lair of Beasts)
 15397 | Lair:3   | Reached skill level 1 in Evocations
 15796 | Lair:3   | Reached skill level 11 in Fighting
 16475 | Lair:4   | Noticed a six-headed hydra
 16487 | Lair:4   | Killed a six-headed hydra
 16487 | Lair:4   | Reached XP level 13. HP: 116/116 MP: 16/18
 16979 | Lair:4   | Identified the +7 spear "Diarchas" {antimagic, rN+ Int+7}
 16981 | Lair:4   | Noticed Ykaj's ghost (journeyman MiFi)
 16982 | Lair:4   | Identified the +8 trident of Fuan {freeze, Str+4}
 16984 | Lair:4   | Found a transporter.
 16988 | Lair:4   | Found a transporter.
 16989 | Lair:4   | Found a bloodstained altar of Trog.
 17012 | Lair:4   | Found a staircase to the Swamp.
 17775 | Lair:5   | Found a viscous altar of Jiyva.
 18437 | Lair:5   | Found a staircase to the Slime Pits.
 19187 | Lair:6   | Entered Level 6 of the Lair of Beasts
 19197 | Lair:6   | Corrupted Lair:6
 19197 | Lair:6   | Noticed a tentacled starspawn
 19608 | Lair:6   | Reached skill level 12 in Fighting
 19901 | Lair:6   | Reached skill level 10 in Dodging
 20045 | Lair:6   | Reached skill level 5 in Evocations
 20068 | Lair:6   | Reached XP level 14. HP: 79/126 MP: 11/19
 20455 | Lair:6   | Got a clouded emerald amulet
 20456 | Lair:6   | Identified the amulet of Berr {Reflect rPois Int+2 Dex+3
                  | SH+5} (You found it on level 6 of the Lair of Beasts)
 20857 | Lair:6   | Identified the Collected Works on Displacement and Changing
 21856 | Lair:6   | Found a runed translucent gate.
 21856 | Lair:6   | Found a runed translucent gate.
 21859 | Lair:6   | Found a runed translucent gate.
 21859 | Lair:6   | Noticed 2FriedEggs's ghost (journeyman BaSu)
 22657 | D:9      | Reached ****** piety under Lugonu
 23163 | D:10     | Entered Level 10 of the Dungeon
 23523 | D:10     | You fall into a shaft and drop 3 floors!
 23708 | D:12     | Found a staircase to the Orcish Mines.
 23956 | D:11     | Reached skill level 5 in Shields
 24070 | D:10     | Got a distressingly furry hat
 24071 | D:10     | Identified the +1 hat of Imperfection {rPois rC- MR+ rCorr}
                  | (You found it on level 10 of the Dungeon)
 24119 | D:10     | Found a runed translucent gate.
 24119 | D:10     | Found a runed translucent gate.
 24119 | D:10     | Found a runed translucent gate.
 24120 | D:10     | Noticed Demosthentine's ghost (journeyman MfGl)
 24258 | D:10     | Reached skill level 13 in Fighting
 24290 | D:10     | Killed Demosthentine's ghost
 24977 | D:12     | Reached XP level 15. HP: 135/135 MP: 20/20
 26192 | Orc:1    | Entered Level 1 of the Orcish Mines
 26417 | Orc:2    | Entered Level 2 of the Orcish Mines
 26717 | Orc:2    | Found a staircase to the Elven Halls.
 26915 | Orc:2    | Noticed Rupert
 26926 | Orc:2    | Banished Rupert
 27339 | Orc:2    | Reached skill level 10 in Armour
 27490 | Orc:2    | Found Gufruamnu's Distillery.
 27490 | Orc:2    | Found Ufiruq Myth's Gadget Shoppe.
 27850 | Orc:2    | Found a roughly hewn altar of Beogh.
 27881 | Orc:2    | Found Hayh's General Store.
 27881 | Orc:2    | Found Ajiabib's Weapon Shop.
 29134 | D:7      | Bought the +3 sling "Punk" {acid, rCorr} for 1562 gold
                  | pieces
 29134 | D:7      | Found the +3 sling "Punk" {acid, rCorr}
 29895 | D:13     | Reached skill level 1 in Slings
 29998 | D:13     | Noticed Jorgrun
 30454 | D:14     | Found a bloodstained altar of Trog.
 30861 | D:14     | Found Texkupur's Book Shoppe.
 31305 | D:14     | Reached skill level 14 in Fighting
 31736 | D:13     | Killed Jorgrun
 31755 | D:13     | Found a gate to the Vaults.
 31938 | D:15     | Entered Level 15 of the Dungeon
 32790 | D:15     | Reached XP level 16. HP: 146/146 MP: 21/21
 33070 | D:15     | Found a portal to a secret trove of treasure.
 33204 | D:15     | Found a staircase to the Depths.
 33596 | Swamp:1  | Entered Level 1 of the Swamp
 34642 | Swamp:2  | Noticed Donald
 34656 | Swamp:2  | Banished Donald
 36802 | Swamp:3  | Noticed a fenstrider witch
 36817 | Swamp:3  | Killed a fenstrider witch
 37686 | Swamp:3  | Reached skill level 5 in Slings
 38559 | Swamp:4  | Entered Level 4 of the Swamp
 38576 | Swamp:4  | Reached skill level 10 in Invocations
 38579 | Swamp:4  | Corrupted Swamp:4
 38654 | Swamp:4  | Noticed a thorn hunter
 38819 | Swamp:4  | Banished a thorn hunter
 38875 | Swamp:3  | Reached skill level 15 in Fighting
 39575 | Swamp:4  | Got a decaying rune of Zot
 40768 | Spider:1 | Entered Level 1 of the Spider Nest
 40788 | Spider:1 | Reached XP level 17. HP: 150/156 MP: 23/23
 44074 | Spider:1 | You fall into a shaft and drop 1 floor!
 46569 | Spider:1 | Reached skill level 10 in Shields
 48177 | Spider:4 | Entered Level 4 of the Spider Nest
 49923 | Spider:4 | Reached XP level 18. HP: 158/166 MP: 25/25
 49928 | Spider:4 | Reached skill level 16 in Fighting
 53520 | Spider:4 | Got a gossamer rune of Zot
 53797 | Vaults:1 | Entered Level 1 of the Vaults
 53797 | Vaults:1 | Found Agaumu's Weapon Shoppe.
 55638 | Vaults:1 | Noticed a tentacled monstrosity
 55674 | Vaults:1 | Killed a tentacled monstrosity
 56287 | Vaults:1 | Reached XP level 19. HP: 174/174 MP: 27/27
 56543 | Vaults:1 | Reached skill level 17 in Fighting
 59252 | Vaults:2 | Reached skill level 10 in Evocations
 61314 | Vaults:2 | Found a large runed translucent door.
 61314 | Vaults:2 | Found a large runed translucent door.
 61314 | Vaults:2 | Noticed Tewud's ghost (journeyman FeIE)
 61314 | Vaults:2 | Noticed Synox's ghost (legendary FoFi)
 61685 | Vaults:3 | Noticed Frederick
 62156 | Vaults:3 | Killed Frederick
 63389 | Vaults:2 | Reached XP level 20. HP: 84/187 MP: 28/28
 64386 | Vaults:3 | Reached skill level 18 in Fighting
 65189 | Vaults:3 | Found a staircase to the Crypt.
 65460 | Vaults:3 | Paralysed by a sphinx for 7 turns
 66057 | Vaults:3 | Found Diacelah's Jewellery Shop.
 67231 | Vaults:4 | Corrupted Vaults:4
 67257 | Vaults:4 | Noticed a bone dragon
 67767 | Vaults:4 | Found Lifysoh's Armour Boutique.
 68899 | Depths:1 | Entered Level 1 of the Depths
 68900 | Depths:1 | Noticed Bai Suzhen
 69067 | D:15     | Killed Bai Suzhen
 69299 | Depths:1 | Noticed Nikola
 69354 | D:15     | Reached skill level 15 in Armour
 69928 | D:15     | Killed Nikola
 70115 | Depths:1 | Reached XP level 21. HP: 127/195 MP: 29/29
 70991 | Depths:1 | Found a runed translucent door.
 70992 | Depths:1 | Noticed Zemu's ghost (adept DgCj)
 71415 | Depths:1 | Found a gateway to Hell.
 72482 | Depths:1 | Got a vibrating iron ring
 72485 | Depths:1 | Identified the ring "Xeirghume" {rC+ Str+7 Stlth-} (You
                  | found it on level 1 of the Depths)
 72675 | Depths:1 | Reached skill level 19 in Fighting
 74061 | Depths:2 | Found a one-way gate leading to the halls of Pandemonium.
 74103 | Depths:2 | Paralysed by a floating eye for 4 turns
 74419 | Depths:1 | Paralysed by a vampire knight for 3 turns
 75724 | Depths:1 | Paralysed by a vampire knight for 4 turns
 76998 | Depths:2 | Identified a +5 demon whip of distortion (a +3 demon whip
                  | of flaming corrupted by Lugonu)
 76998 | Depths:2 | Received a gift from Lugonu
 78093 | Depths:3 | Reached XP level 22. HP: 172/207 MP: 30/30
 78962 | Depths:3 | Reached skill level 15 in Shields
 79005 | Depths:3 | Reached skill level 20 in Fighting
 79245 | Depths:3 | Noticed Jory
 79253 | Depths:3 | Banished Jory
 80485 | Depths:3 | Paralysed by a floating eye for 3 turns
 81665 | Depths:4 | You fall into a shaft and drop 1 floor!
 81665 | Depths:5 | Entered Level 5 of the Depths
 82134 | Depths:4 | Noticed a caustic shrike
 82135 | Depths:4 | Noticed a golden dragon
 82148 | Depths:4 | Banished a caustic shrike
 82213 | Depths:4 | Noticed a golden dragon
 82215 | Depths:4 | Noticed a golden dragon
 82219 | Depths:4 | Hit by a large rock thrown by a stone giant

Illustrated notes

Levels and vault maps discovered:
D:1:      lightli_molten_gateway, layout_basic
D:2:      layout_basic
D:3:      layout_loops_corners, grunt_temple_overflow_champion_of_chaos,
          grunt_temple_overflow_open, uniq_natasha
D:4:      layout_basic
D:5:      layout_rooms, minmay_misc_feat_nine_boxes, minivault_11
D:6:      kennysheep_housing_project, layout_basic,
          minmay_temple_entry_antechambers, ebering_ghost_sewer_f,
          gup_sewer_entry_pipe, uniq_duvessa, uniq_pikel, uniq_grinder
D:7:      layout_gridville, serial_shops, shop, uniq_maggie
D:8:      layout_rooms, david_lair_shrubbed, minmay_circle_x
D:9:      layout_basic, serial_ice, serial_ice_f, serial_ice_n, serial_ice_h,
          serial_ice_d
D:10:     layout_cross, gammafunk_ghost_necromancy, serial_glass,
          glass_columns_c, glass_columns_b, glass_columns_a
D:11:     layout_rooms, nicolae_wwwww
D:12:     minmay_concentric_multi, layout_basic, minmay_orc_entry_guard_dogs
D:13:     layout_cave_pools, skrybe_vaults_entry_preservation, uniq_jorgrun
D:14:     layout_basic, serial_co_window_serial, co_window_paths_a,
          co_window_paths_b, co_window_corner_a, co_window_corner_a,
          co_window_paths_b, co_window_paths_a, co_window_paths_b,
          co_window_corner_b, co_window_of_opportunity_b, co_window_corner_b,
          co_window_broadway_b, co_window_corner_b, co_window_4corner_a,
          co_window_sun, glass_columns_c, glass_columns_c, serial_shops,
          nicolae_shop_waterfront, minivault_16, trog_wizard
D:15:     grunt_enter_depths_snipers, layout_long_grid, enter_trove_6
Lair:1:   layout_chaotic_city, gammafunk_ghost_necromancy, grunt_megastairs_4,
          serial_bayou_shore_b, uniq_joseph
Lair:2:   gammafunk_indiana_jones, layout_layer_cave, dummy_spider_entry,
          chequers_serial_rivers_large_b, serial_bayou_shore_b,
          lemuel_fruit_fields, uniq_nergalle
Lair:3:   beast_lair_carwin_large_1, layout_regular_city,
          gauntlet_entry_generic, grunt_megastairs_1, infiniplex_staircase_pool
Lair:4:   layout_regular_city, swamp_mist, gammafunk_ghost_wrathful_warriors
Lair:5:   layout_regular_city, slime_altar_1, grunt_megastairs_5,
          serial_bayou_shore_b, serial_bayou_shore_b,
          infiniplex_staircase_pool_2
Lair:6:   evilmike_catoblepas_cave, layout_hall_layers,
          ebering_ghost_rock_garden
Swamp:1:  layout_falls_marsh, evilmike_swamp_ruin_house_6
Swamp:2:  layout_basic_swamp, evilmike_swamp_ruin_rubble_2, uniq_donald
Swamp:3:  layout_basic_swamp, nicolae_swamp_round_clearing,
          hangedman_swamp_lotus
Swamp:4:  swamp_basic_johnstein, layout_basic_swamp
Spider:1: layout_spider_delve
Spider:2: layout_chambers, zaba_antful_of_joy, nicolae_spider_cling_ruins
Spider:3: layout_spider_delve
Spider:4: grunt_spider_rune_island
Orc:1:    layout_diamond_mine, basic_altar, led_sif_book
Orc:2:    st_orc_town, layout_caves, mines4_lemuel, uniq_rupert
Vaults:1: dpeg_vaults_monster_box, v_misc_4, st_hourglassy,
          vaults_room_grunt_arrival_checkpoint, nicolae_vaults_little_squares_1,
          vaults_room_hallway, nicolae_vaults_little_squares_4, v_rooms_6,
          nicolae_vaults_theta, vaults_dpeg_encased_lava,
          layout_vaults_omnigrid, serial_shops, shop_coins
Vaults:2: advil_vaults_ghost_guards, nicolae_vaults_network_s,
          nicolae_vaults_circle_grid_b, v_misc_14, vaults_mumra_chevron_long,
          v_misc_24, vaults_mumra_lcd, vaults_room_door_hall,
          nicolae_vaults_rhombus_7, st_diamondy, v_misc_33, v_misc_13,
          layout_vaults_big_cross
Vaults:3: nicolae_vaults_stairing_the_circle, hangedman_vaults_trim,
          v_alt_pattern_4, minmay_crypt_entry_simple_statues, v_alt_pattern_1,
          vaults_dpeg_diagonal, v_misc_1, vaults_room_stairs_pillars, v_misc_10,
          hangedman_vaults_slice, nicolae_vaults_little_squares_1,
          ontoclasm_vaults_ring_square, v_rooms_1, ontoclasm_vaults_shuriken,
          st_spiral_rooms, nicolae_vaults_angled_halls, layout_vaults_omnibox,
          serial_shops, nicolae_shop_statue_plus, uniq_frederick
Vaults:4: hangedman_vaults_maws, v_misc_2, hangedman_vaults_stitches, v_misc_13,
          nicolae_vaults_border_crossing, hangedman_vaults_snaps,
          nicolae_vaults_diagonal_hallway_8, vaults_room_stairs_pillars,
          layout_vaults_ring, serial_shops, shop
Depths:1: layout_cave_pools, minmay_misc_feat_columns, gammafunk_ghost_grave,
          pf_coc_iceberg, kennysheep_underground_church, uniq_bai_suzhen,
          uniq_nikola
Depths:2: minmay_the_grid_octo_tiled_octocenter_mashed
          [minmay_the_grid_octo_thin_diamonds, minmay_the_grid_octo_77,
          minmay_the_grid_octo_checkerflower, minmay_the_grid_octo_fan_narrow,
          minmay_the_grid_octo_prize_single_spiral,
          minmay_the_grid_square_5x5_bite,
          minmay_the_grid_square_5x5_doubleslash,
          minmay_the_grid_square_5x5_almost_minimal,
          minmay_the_grid_square_5x5_corner], layout_cave_pools,
          minmay_staircase_bubble, hellmouth_1, pan_entry, minivault_12
Depths:3: dpeg_oklob_gauntlet, layout_basic, serial_co_window_serial,
          co_window_paths_a, co_window_paths_b, co_window_corner_a,
          co_window_paths_b, co_window_of_opportunity_a, co_window_corner_b,
          co_window_broadway_a, co_window_broadway_a, co_window_broadway_a,
          glass_columns_a, grunt_pan_entry_in_and_out, hell_entry,
          minmay_misc_feat_ornament, uniq_jory
Depths:4: nicolae_legendary_halls, layout_cave_shapes, enter_ziggurat_f,
          grunt_hell_entry_dis_mu, abyss_entry,
          infiniplex_staircase_spiral_double
Depths:5: grunt_x_marks_the_spot, layout_cave_shapes,
          hangedman_abyss_or_decor_slice, pf_dread_powers_of_hell,
          chequers_serial_rivers_marsh, minmay_misc_feat_secret_circle

Skill      XL: |  1  2  3  4  5  6  7  8  9 10 11 12 13 14 15 16 17 18 19 20 21 22 |
---------------+-------------------------------------------------------------------+-----
Dodging        | 1 2 3 4 5 7 8 9 10 11 12 | 12.3
Maces & Flails | 2 3 4 5 6 7 8 9 10 11 12 | 12.0
Armour         | 2 3 5 7 8 9 10 11 12 13 14 15 16 17 | 17.2
Fighting       | 4 5 6 7 9 10 11 12 13 14 15 16 17 18 19 20 | 20.8
Shields        | 1 3 4 5 7 9 10 11 12 13 14 15 | 15.0
Invocations    | 4 6 8 9 10 11 12 | 12.0
Evocations     | 2 5 7 9 10 11 | 11.8
Slings         | 3 5 |  5.0

Action                   |  1- 3 |  4- 6 |  7- 9 | 10-12 | 13-15 | 16-18 | 19-21 | 22-24 || total
-------------------------+-------+-------+-------+-------+-------+-------+-------+-------++-------
Melee: Mace              |    23 |     6 |       |       |       |       |       |       ||    29
       Dagger            |    90 |   134 |       |       |       |       |       |       ||   224
       Whip              |       |    50 |   339 |   865 |  2344 |  3037 |  3115 |       ||  9750
       Demon whip        |       |       |       |       |       |       |   222 |   538 ||   760
 Fire: Hunting sling     |       |       |       |     9 |     3 |       |       |       ||    12
       Fustibalus        |       |       |       |       |     9 |   133 |   137 |    48 ||   327
Throw: Dart              |       |       |       |     9 |     3 |       |     7 |       ||    19
Invok: Banish            |       |       |       |     2 |     3 |    18 |    16 |       ||    39
       Bend Space        |       |       |       |       |     2 |       |     2 |       ||     4
       Corrupt           |       |       |       |       |     1 |     1 |     1 |       ||     3
       Brand Weapon With |       |       |       |       |       |       |     1 |       ||     1
Evoke: Tin of tremorston |       |       |       |       |       |     3 |     4 |       ||     7
       Wand              |       |       |       |       |       |     1 |     7 |       ||     8
       Box of beasts     |       |       |       |       |       |       |     3 |       ||     3
       Condenser vane    |       |       |       |       |       |       |       |     2 ||     2
  Use: Scroll            |       |     3 |     2 |    19 |    16 |    13 |    13 |     3 ||    69
       Potion            |       |       |       |       |     4 |     5 |     4 |       ||    13
 Stab: Distracted        |       |       |       |     1 |       |       |       |       ||     1
       Petrified         |       |       |       |       |     3 |       |       |       ||     3
       Held in net/web   |       |       |       |       |       |     2 |       |       ||     2
Armor: Leather armour    |    38 |    22 |       |       |       |       |       |       ||    60
       Scale mail        |       |    19 |    60 |       |       |       |       |       ||    79
       Plate armour      |       |       |    85 |   285 |   828 |  1544 |  1146 |   164 ||  4052
       Chain mail        |       |       |       |    53 |       |       |       |       ||    53
Dodge: Dodged            |    84 |    89 |    92 |   233 |   483 |   929 |   631 |   123 ||  2664
Block: Buckler           |       |       |    35 |    68 |    86 |       |       |       ||   189
       Kite shield       |       |       |       |       |   964 |  2338 |  2005 |   308 ||  5615
       Reflection        |       |       |       |       |    55 |    29 |   128 |    25 ||   237

Table legend: (Time is in decaauts)
 A = Elapsed time spent in this place.
 B = Non-inter-level travel time spent in this place.
 C = Inter-level travel time spent in this place.
 D = Time resting spent in this place.
 E = Time spent auto-exploring this place.
 F = Levels seen in this place.
 G = Mean time per level.
                   A        B        C        D        E       F      G
               +--------+--------+--------+--------+--------+-----+--------+
         Total |  78016 |  75078 |   2938 |  30569 |  29394 |  42 | 1857.5 |
       Dungeon |  21104 |  19703 |   1401 |   6320 |   9363 |  15 | 1406.9 |
          Lair |  13190 |  12598 |    592 |   3589 |   6787 |   6 | 2198.3 |
         Swamp |   6992 |   6758 |    234 |   3414 |   2461 |   4 | 1748.0 |
   Spider Nest |   9692 |   9480 |    212 |   4966 |   2719 |   4 | 2423.0 |
  Orcish Mines |   2620 |   2540 |     80 |    957 |    936 |   2 | 1310.0 |
        Vaults |  13426 |  13160 |    266 |   5950 |   4482 |   4 | 3356.5 |
        Depths |  10025 |   9875 |    150 |   4848 |   2640 |   5 | 2005.0 |
         Abyss |      8 |      8 |      0 |      0 |      3 |   1 |    8.0 |
      Gauntlet |    957 |    957 |      0 |    525 |      0 |   1 |  957.0 |
               +--------+--------+--------+--------+--------+-----+--------+

Top non-repeatable levels by time:
Spider:3: 5067 daAuts
Depths:1: 4539 daAuts
  Lair:2: 4515 daAuts
Vaults:1: 4514 daAuts
Vaults:2: 4394 daAuts
Depths:3: 3295 daAuts
    D:15: 3232 daAuts
Vaults:3: 2928 daAuts
  Lair:6: 2701 daAuts
 Swamp:2: 2550 daAuts
    D:14: 2166 daAuts
 Swamp:3: 2029 daAuts
     D:6: 2022 daAuts
    D:12: 1782 daAuts
Spider:1: 1734 daAuts
